 Dungeon Crawl Stone Soup version 0.17.0-25-gefc9c12 (console) character file.

158 gw the Cudgeler (level 5, -18/33 HPs)
             Began as a Gargoyle Berserker on Nov 19, 2015.
             Was a Priest of Trog.
             Demolished by an orc
             ... wielding a +1 flail of distortion
              (22 damage)
             ... on level 3 of the Dungeon.
             The game lasted 00:01:59 (2542 turns).

gw the Cudgeler (Gargoyle Berserker)                Turns: 2542, Time: 00:01:59

Health: -18/33     AC: 16    Str: 20    XL:     5   Next: 39%
Magic:  5/5        EV:  6    Int:  8    God:    Trog [***...]
Gold:   66         SH:  0    Dex: 10    Spells: 0 memorised, 4 levels left

rFire  . . .     SeeInvis .     a - +0 mace
rCold  . . .     Clarity  .     g - +0 plate armour (curse)
rNeg   + . .     SustAt   .     (no shield)
rPois  ∞         Gourm    .     (no helmet)
rElec  +         Spirit   .     (no cloak)
rCorr  .         Warding  .     l - +0 pair of gloves
rMut   .         Stasis   .     (no boots)
MR     .....                    (no amulet)
Stlth  ..........               (no ring)
                                (no ring)

@: about to teleport, not resistant to hostile enchantments, extremely
unstealthy
A: negative energy resistance 1, electricity resistance, unbreathing,
petrification resistance, rot immunity, AC +4
a: Berserk, Trog's Hand, Burn Spellbooks, Renounce Religion


You were on level 3 of the Dungeon.
You worshipped Trog.
Trog was most pleased with you.
You were not hungry.

You visited 1 branch of the dungeon, and saw 3 of its levels.

You collected 66 gold pieces.

Inventory:

Hand Weapons
 a - a +0 mace (weapon)
Missiles
 b - 129 stones (quivered)
 f - 11 poisoned needles
 n - 3 needles of paralysis
Armour
 g - a cursed +0 plate armour (worn)
 l - a +0 pair of gloves (worn)
Scrolls
 d - a scroll of remove curse
Potions
 h - a potion of curing
 m - a potion of agility
Comestibles
 c - 2 bread rations
 i - a chunk of flesh
 o - a slice of pizza


   Skills:
 + Level 4.1 Fighting
 * Level 4.3 Maces & Flails
 + Level 1.5 Throwing
 + Level 3.5 Armour
 - Level 1.5 Dodging


You had 4 spell levels left.
You didn't know any spells.

Dungeon Overview and Level Annotations

Branches:
Dungeon (3/15)

Altars:


Innate Abilities, Weirdness & Mutations

You are resistant to torment.
Your stone body is resilient (AC +4).
You are immune to poison.
You resist negative energy.
You are resistant to electric shocks.
You can survive without breathing.
You are immune to petrification.
You are immune to rotting.


Message History

The orc barely misses you. The orc hits you but does no damage.
The orc hits you but does no damage. Space bends around you.
ATTACK MOVE TO (-1,-1)
You hit the orc but do no damage.
The orc is severely wounded.
The orc hits you but does no damage. x3
You feel strangely unstable. The orc barely misses you.
ATTACK MOVE TO (-1,-1)
Your plate armour prevents you from hitting the orc.
The orc is severely wounded.
The orc hits you but does no damage. x2
Space warps horribly around you! The orc barely misses you.
ATTACK MOVE TO (-1,-1)
You closely miss the orc.
The orc is severely wounded.
The orc hits you but does no damage. x2
The orc hits you with a flail of distortion.
Space warps horribly around you!
Ouch! That really hurt!
You die...

#.# #.......
########.#
#####...
..#...##.# #...
#.#......# #...
#.#...#### #.#.
#.##.## #.#. #
##.##.# #.#.
#...#.o.#(# #.#.
......o9(.# #.#.
#...#.o(#.# #(#.
# ##.##.# #.#.
#. #.# #.#. ..
#.###########.#.
###
.......[..<..>..
................
..#############


You could see 3 orcs.

Table legend:
 A = Turns spent in this place as a percentage of turns spent in the entire game.
 B = Non-inter-level travel turns spent in this place as a percentage of non-inter-level travel turns spent in the entire game.
 C = Inter-level travel turns spent in this place as a percentage of turns spent in this place.
 D = Turns resting spent in this place as a percentage of non-inter-level travel turns spent in this place.
 E = Turns spent auto-exploring this place as a percentage of non-inter-level travel turns spent in this place.
 F = Non-inter-level travel turns spent in this place divided by the number of levels of this place that you've seen.
                   A       B       C       D       E      F
               +-------+-------+-------+-------+-------+----------------------
         Total | 100.0 | 100.0 |   0.2 |   0.8 |   2.5 | 1342.7
       Dungeon | 100.0 | 100.0 |   0.2 |   0.8 |   2.5 | 1342.7
               +-------+-------+-------+-------+-------+----------------------

Table legend:
 A = Kills in this place as a percentage of kills in entire the game.
 B = Kills by you in this place as a percentage of kills by you in the entire game.
 C = Kills by friends in this place as a percentage of kills by friends in the entire game.
 D = Other kills in this place as a percentage of other kills in the entire game.
 E = Experience gained in this place as a percentage of experience gained in the entire game.
 F = Experience gained in this place divided by the number of levels of this place that you have seen.
                   A       B       C       D       E      F
               +-------+-------+-------+-------+-------+----------------------
         Total | 100.0 | 100.0 |  -nan |  -nan | 100.0 |  75.3
       Dungeon | 100.0 | 100.0 |  -nan |  -nan | 100.0 |  75.3
               +-------+-------+-------+-------+-------+----------------------

Vanquished Creatures
  Jessica (D:2)
  Terence (D:3)
  2 adders
  2 oozes
  4 worms
  2 giant geckos
  2 orcs (D:3)
  5 bats
  10 goblins
  7 hobgoblins
  10 jackals
  6 kobolds
  A ball python (D:1)
  5 giant cockroaches
  4 giant newts (D:2)
  2 rats
64 creatures vanquished.

Notes
Turn   | Place    | Note
--------------------------------------------------------------
     0 | D:1      | gw the Gargoyle Berserker began the quest for the Orb.
     0 | D:1      | Reached XP level 1. HP: 14/14 MP: 1/1
   252 | D:1      | Reached XP level 2. HP: 19/19 MP: 2/2
   694 | D:1      | Reached XP level 3. HP: 23/23 MP: 3/3
   875 | D:2      | Reached ** piety under Trog
  1246 | D:2      | Reached XP level 4. HP: 20/29 MP: 4/4
  1443 | D:2      | Reached skill level 1 in Throwing
  1557 | D:2      | Noticed Jessica
  1576 | D:2      | Killed Jessica
  1576 | D:2      | Reached skill level 4 in Maces & Flails
  2313 | D:3      | Noticed Terence
  2328 | D:3      | Reached XP level 5. HP: 33/33 MP: 5/5
  2329 | D:3      | Reached *** piety under Trog
  2335 | D:3      | Killed Terence
  2542 | D:3      | Demolished by an orc

Action                   |  1- 3 |  4- 6 || total
-------------------------+-------+-------++-------
Melee: Mace              |    99 |    87 ||   186
Throw: Stone             |    80 |    29 ||   109
Invok: Berserk           |       |     1 ||     1
  Use: Scroll            |     2 |     3 ||     5
       Potion            |       |     5 ||     5
  Eat: Chunk             |     1 |     4 ||     5
       Beef jerky        |       |     1 ||     1

Vault maps used:
D:1:      mushboom_english_gardens
D:2:      uniq_jessica
D:3:      nicolae_ru_great_annihilating_truth, uniq_terence
